 Dungeon Crawl Stone Soup version 0.31-a0-963-ga325b2283a (webtiles) character file.

Game seed: 8765276767673392654

248 SacredBeard the Trooper (level 6, -1/85 HPs)
             Began as a Hill Orc Fighter on Oct 25, 2023.
             Slain by a river rat (6 damage)
             ... on level 3 of the Dungeon.
             The game lasted 00:06:30 (1318 turns).

SacredBeard the Trooper (Hill Orc Fighter)          Turns: 1318, Time: 00:06:31

Health: -1/85      AC:  7    Str: 21    XL:     6   Next: 12%
Magic:  6/6        EV:  9    Int:  8    God:
Gold:   42         SH:  4    Dex: 10    Spells: 5/5 levels left

rFire   . . .        a - +0 war axe
rCold   . . .        c - +0 buckler
rNeg    + . .        b - +0 scale mail
rPois   .            (no helmet)
rElec   .            (no cloak)
rCorr   .            (no gloves)
SInv    .            (no boots)
Will    .....        (no amulet) Stlth
                     r - ring of positive energy
HPRegen 0.34/turn    (no ring)
MPRegen 0.10/turn

%: no passive effects
@: berserking, quick
A: no striking features
a: no special abilities


You were on level 3 of the Dungeon.
You visited 1 branch of the dungeon, and saw 3 of its levels.

You collected 42 gold pieces.

Inventory:

Hand Weapons
 a - a +0 war axe (weapon)
 u - a +0 spectral club
Armour
 b - a +0 scale mail (worn)
 c - a +0 buckler (worn)
 v - a +3 chain mail of poison resistance
Jewellery
 r - a ring of positive energy (left hand)
Talismans
 s - a talisman of death
Wands
 t - a wand of flame (16)
Scrolls
 f - 2 scrolls of identify {unknown}
 h - 2 scrolls of immolation {unknown}
 i - a scroll of revelation {unknown}
 j - a scroll of torment {unknown}
 k - a scroll of enchant weapon {unknown}
 l - a scroll of poison {unknown}
 m - a scroll of brand weapon {unknown}
 n - a scroll of fog {unknown}
 o - a scroll of fear {unknown}
 p - a scroll of butterflies {unknown}
 q - a scroll of silence {unknown}
Potions
 d - 2 potions of might
 e - a potion of berserk rage
 g - 2 potions of haste {unknown}


   Skills:
 * Level 5.7 Fighting
 * Level 5.4 Axes
 - Level 4.0 Armour
 - Level 4.0 Shields


You had 5 spell levels left.
You didn't know any spells.
Your spell library contained the following spells:

 Spells                   Type           Power      Damage    Failure   Level
 Wereblood                Tmut           0%         N/A       91%         2
 Irradiate                Conj/Tmut      0%         3d11      100%        5


Dungeon Overview and Level Annotations

Branches:
Dungeon (3/15)

Altars:

Shops:
D:1 (


Message History

The adder bites you but does no damage. The adder barely misses you.
The adder closely misses you.
You barely miss the adder. You slash the adder!
You kill the adder!
The adder bites you but does no damage. The adder barely misses you.
The river rat bites you.
* * * LOW HITPOINT WARNING * * *
You closely miss the adder. You hit the river rat. The adder barely misses you.
The river rat closely misses you.
Your unstable footing causes you to fumble your attack.
The adder bites you.
* * * LOW HITPOINT WARNING * * *
You are poisoned.
The adder poisons you! You block the river rat's attack.
The adder barely misses you.
Your unstable footing causes you to fumble your attack.
You feel sick. The adder bites you but does no damage.
The river rat bites you but does no damage.
The adder closely misses you.
Your unstable footing causes you to fumble your attack.
You feel sick.
The river rat bites you but does no damage.
The adder bites you but does no damage. You block the river rat's attack.
You slash the adder!
You kill the adder!
You hit the river rat.
You feel sick. You block the river rat's attack.
Your unstable footing causes you to fumble your attack.
You feel sick. The river rat bites you.
* * * LOW HITPOINT WARNING * * *
You slash the worm!
The worm is severely wounded.
You barely miss the river rat.
You feel sick.
You are no longer poisoned.
The river rat bites you.
* * * LOW HITPOINT WARNING * * *
The worm barely misses you.
It was a potion of berserk rage.
A red film seems to cover your vision as you go berserk!
You feel yourself moving faster!
You feel mighty! The river rat bites you.
You die...

#.#........# #.# ##.#†)###
#.########.# #.###.###)...
#.#### #.# #......#..##.
#....# #.# #.###.#.#.##.
#....########### #........
#....#~~~#~~ #.#......
#...~#~#†#r# ####.###.##.
##..~#~#~#r#~~~~##.###.##.
#.~~~~#~@w~~# #......#
#..~#~#~##### ##.#####
........†~~#~~ ##.#
#####....#~### #..#
#...~~~# #### #.....~~#
.......... .##...######
##..


You could see a worm, a river rat and a rat.

Vanquished Creatures
  Ijyb (D:3)
  Natasha (thrice) (D:2)
  An orc wizard (D:3)
  5 adders
  A river rat (D:3)
  4 worms (D:3)
  3 orcs (D:3)
  2 bats
  5 endoplasms
  A giant cockroach (D:3)
  7 goblins
  7 hobgoblins
  4 quokkas
  5 ball pythons
  3 frilled lizards
  3 kobolds (D:2)
  2 rats (D:1)
57 creatures vanquished.

Notes
Turn   | Place    | Note
-------+----------+-------------------------------------------
     0 | D:1      | SacredBeard the Hill Orc Fighter began the quest for the
                  | Orb.
     0 | D:1      | Reached XP level 1. HP: 19/19 MP: 1/1
    42 | D:1      | Found Wewut's Weapon Emporium.
    89 | D:1      | Reached XP level 2. HP: 27/27 MP: 2/2
   308 | D:1      | Reached XP level 3. HP: 29/33 MP: 3/3
   489 | D:2      | Noticed Natasha
   494 | D:2      | Killed Natasha
   591 | D:2      | Reached XP level 4. HP: 41/41 MP: 4/4
   591 | D:2      | Found a faded altar of an unknown god.
   741 | D:2      | Noticed Natasha
   747 | D:2      | Killed Natasha
   823 | D:2      | Noticed Natasha
   829 | D:2      | Killed Natasha
   830 | D:2      | Reached XP level 5. HP: 43/47 MP: 5/5
   934 | D:3      | Noticed Ijyb
  1023 | D:3      | Killed Ijyb
  1024 | D:3      | Reached skill level 5 in Fighting
  1269 | D:3      | Reached skill level 5 in Axes
  1297 | D:3      | Reached XP level 6. HP: 28/56 MP: 6/6
  1318 | D:3      | Slain by a river rat

Illustrated notes

Levels and vault maps discovered:
D:1:      dpeg_arrival_round_a, layout_basic, serial_shops, shop
D:2:      layout_rooms, hellmonk_ecumenical_altar_lost_god, uniq_natasha
D:3:      layout_loops_ring, lemuel_round_altar, lemuel_round_altar,
          lightli_sewer_entry_pipes, nicolae_the_louvre, uniq_ijyb

Skill      XL: |  1  2  3  4  5 |
---------------+----------------+-----
Axes           | 3 4 5 |  5.4
Fighting       | 4 5 |  5.7
Armour         | 4 |  4.0
Shields        | 4 |  4.0

Action                     |  1- 3 |  4- 6 || total
---------------------------+-------+-------++-------
  Melee: War axe           |    61 |   115 ||   176
    Use: Potion            |       |     1 ||     1
 Armour: Scale mail        |    26 |    97 ||   123
  Dodge: Dodged            |    24 |    63 ||    87
  Block: Buckler           |     9 |    23 ||    32

Table legend: (Time is in decaauts)
 A = Elapsed time spent in this place.
 B = Non-inter-level travel time spent in this place.
 C = Inter-level travel time spent in this place.
 D = Time resting spent in this place.
 E = Time spent auto-exploring this place.
 F = Levels seen in this place.
 G = Mean time per level.
                   A        B        C        D        E       F      G
               +--------+--------+--------+--------+--------+-----+--------+
         Total |   1380 |   1322 |     58 |      0 |    894 |   3 |  460.0 |
       Dungeon |   1380 |   1322 |     58 |      0 |    894 |   3 |  460.0 |
               +--------+--------+--------+--------+--------+-----+--------+

Top non-repeatable levels by time:
     D:1: 504 daAuts
     D:2: 469 daAuts
     D:3: 406 daAuts
